 Dungeon Crawl Stone Soup version 0.19.0-22-gd96e5fe (webtiles) character file.

112 Djon the Firebug (level 4, 0/42 HPs)
             Began as an Ogre Fire Elementalist on Nov 19, 2016.
             Slain by an orc
             ... wielding a +0 hand axe
              (2 damage)
             ... on level 2 of the Dungeon.
             The game lasted 00:07:45 (2594 turns).

Djon the Firebug (Ogre Fire Elementalist)           Turns: 2594, Time: 00:07:45

Health: 0/42       AC:  3    Str: 13    XL:     4   Next: 95%
Magic:  0/8        EV: 10    Int: 15    God:
Gold:   99         SH:  0    Dex: 10    Spells: 3 memorised, 1 level left

rFire  + . .     SeeInvis .     m - +1 whip (freeze)
rCold  . . .     Gourm    .     a - +0 robe
rNeg   . . .     Faith    .     (no shield)
rPois  .         Spirit   .     (helmet restricted)
rElec  .         Reflect  .     (no cloak)
rCorr  .         Harm     .     (gloves unavailable)
MR     .....                    (boots unavailable)
Stlth  ++........               (no amulet)
                                i - ring of protection from fire
                                (no ring)

@: no status effects
A: unfitting armour, tough skin 1
a: no special abilities


You were on level 2 of the Dungeon.
You were very hungry.

You visited 1 branch of the dungeon, and saw 3 of its levels.

You collected 99 gold pieces.

Inventory:

Hand Weapons
 k - a +0 hunting sling
 m - a +1 whip of freezing (weapon)
Missiles
 j - 6 sling bullets
Armour
 a - a +0 robe (worn)
Jewellery
 h - an uncursed ring of ice
 i - a ring of protection from fire (right hand)
Scrolls
 f - a scroll of fog {unknown}
Books
 b - a book of Flames

   Spells                             Type                      Level
   a - Flame Tongue                   Conjuration/Fire             1
   b - Throw Flame                    Conjuration/Fire             2
   c - Conjure Flame                  Conjuration/Fire             3
   d - Inner Flame                    Hexes/Fire                   3
   e - Sticky Flame                   Conjuration/Fire             4
   f - Fireball                       Conjuration/Fire             5
Comestibles
 c - 3 bread rations
 n - a royal jelly


   Skills:
 + Level 2.2 Fighting
 - Level 1.7 Dodging
 - Level 1.4 Stealth
 + Level 2.9 Spellcasting
 + Level 1.8 Conjurations
 * Level 3.0 Fire Magic


You had one spell level left.
You knew the following spells:

 Your Spells              Type           Power        Failure   Level  Hunger
a - Flame Tongue          Conj/Fire      #....        10%         1    #......
b - Throw Flame           Conj/Fire      #.....       12%         2    ##.....
c - Sticky Flame          Conj/Fire      #.......     78%         4    #####..


Dungeon Overview and Level Annotations

Branches:
Dungeon (3/15)

Altars:

Annotations:
D:2 Sigmund


Innate Abilities, Weirdness & Mutations

You are too large for most types of armour.
You have tough skin. (AC +1)


Message History

The rat bites you but does no damage.
Casting: Sticky Flame
Confirm with . or Enter, or press ? or * to list all spells.
Aiming: Flame Tongue
Press: ? - help, Shift-Dir - straight line, f - orc
Aim: an orc, wielding a hand axe and wearing a chain mail The flame tongue hits the orc.
The orc appears unharmed.
The orc barely misses you.
Casting: Flame Tongue
Confirm with . or Enter, or press ? or * to list all spells.
Aiming: Flame Tongue
Press: ? - help, Shift-Dir - straight line, f/p - orc
Aim: an orc, wielding a hand axe and wearing a chain mail The flame tongue hits the orc.
The orc is moderately wounded.
The orc hits you with a hand axe.
* * * LOW HITPOINT WARNING * * *
Sigmund shouts!
The orc hits you with a hand axe.
You die...

.#####@# #..........#.....#
######.## #.........<#.....#
........###..........#.....#
.#####...............#.....#
...###.####..).......###.###
.#...#.# #..........##..#
..##.#.# #..........##.####
#.##...####.@(.......##....#
#.####..........@.r.g#...#.#
#.# #.###.......o......##.#
#.####.# ###..#####.###.##.#
#...##.# ##....# #.....#{.#
###..#.###..##.# ####..#.##
###.#.....###.# #.##.#
#.....##### #.#### #....#
##.#.#.# #.<..####.#..#
.(.#.#.# ####......#..##


You could see Sigmund, an orc, a goblin and a rat.

Vanquished Creatures
  An orc priest (D:2)
  2 adders (D:2)
  6 dart slugs
  A leopard gecko (D:2)
  2 orcs (D:3)
  8 bats (D:1)
  4 giant cockroaches
  4 goblins (D:1)
  5 hobgoblins
  2 jackals (D:1)
  5 kobolds
  5 frilled lizards
  4 rats
49 creatures vanquished.

Notes
Turn   | Place    | Note
-------+----------+-------------------------------------------
     0 | D:1      | Djon the Ogre Fire Elementalist began the quest for the Orb.
     0 | D:1      | Reached XP level 1. HP: 16/16 MP: 3/3
   123 | D:1      | Reached skill level 1 in Conjurations
   123 | D:1      | Reached XP level 2. HP: 26/26 MP: 5/5
   280 | D:1      | Reached skill level 1 in Fighting
   644 | D:1      | Reached XP level 3. HP: 31/33 MP: 6/6
   761 | D:1      | Learned a level 2 spell: Throw Flame
  1310 | D:2      | Noticed Sigmund
  1557 | D:2      | Reached XP level 4. HP: 41/41 MP: 8/8
  1996 | D:2      | Learned a level 4 spell: Sticky Flame
  2574 | D:2      | Reached skill level 3 in Fire Magic
  2588 | D:2      | HP: 1/42 [orc/hand axe (5)]
  2594 | D:2      | Slain by an orc

Skill      XL: |  1  2  3  4 |
---------------+-------------+-----
Conjurations   | 1 |  1.8
Fighting       | 1 2 |  2.2
Fire Magic     | 3 |  3.0
Dodging        | |  1.7
Stealth        | |  1.4
Spellcasting   | |  2.9

Action                   |  1- 3 |  4- 6 || total
-------------------------+-------+-------++-------
Melee: Mace              |    55 |       ||    55
       Whip              |       |    14 ||    14
 Fire: Hunting sling     |    33 |    24 ||    57
 Cast: Flame Tongue      |    23 |    20 ||    43
       Sticky Flame      |       |     1 ||     1
  Use: Potion            |       |     3 ||     3
       Scroll            |       |     1 ||     1
 Stab: Sleeping          |     1 |       ||     1
  Eat: Chunk             |     2 |     3 ||     5
Armor: Robe              |    27 |    22 ||    49
Dodge: Dodged            |    52 |    23 ||    75
